 Dungeon Crawl Stone Soup version 0.31-a0-1202-ga8fea8b373 (webtiles) character file.

Game seed: 17073353820471955782

42 Inarius the Trooper (level 3, -2/29 HPs)
             Began as a Mummy Fighter on Dec 12, 2023.
             Slain by a black bear (3 damage)
             ... on level 2 of the Dungeon.
             The game lasted 00:01:07 (893 turns).

Inarius the Trooper (Mummy Fighter)                  Turns: 893, Time: 00:01:08

Health: -2/29      AC:  6    Str: 21    XL:     3   Next: 33%
Magic:  3/3        EV:  9    Int:  7    God:
Gold:   27         SH:  4    Dex: 11    Spells: 2/2 levels left

rFire   x . .        a - +0 war axe
rCold   + . .        c - +0 buckler
rNeg    + + +        b - +0 scale mail
rPois   ∞            (no helmet)
rElec   .            (no cloak)
rCorr   .            (no gloves)
SInv    .            (no boots)
Will    .....        (no amulet) Stlth
                     (no ring)
HPRegen 0.24/turn    (no ring)
MPRegen 0.08/turn

%: faith
@: no status effects
A: cold resistance 1, negative energy resistance 3, torment resistance 2, heat
vulnerability 1, in touch with death 1, no potions, faith
a: no special abilities


You were on level 2 of the Dungeon.
You visited 1 branch of the dungeon, and saw 2 of its levels.

You collected 27 gold pieces.

Inventory:

Hand Weapons
 a - a +0 war axe (weapon)
Missiles
 d - 4 boomerangs (quivered)
Armour
 b - a +0 scale mail (worn)
 c - a +0 buckler (worn)
Scrolls
 e - a scroll of identify {unknown}
 f - a scroll of teleportation {unknown}


   Skills:
 * Level 3.5 Fighting
 + Level 2.1 Axes
 + Level 2.8 Armour
 + Level 0.1 Stealth
 + Level 2.5 Shields


You had 2 spell levels left.
You didn't know any spells.
Your spell library contained the following spells:

 Spells                   Type           Power      Damage    Failure   Level
 Ensorcelled Hibernation  Hex/Ice        0%         N/A       94%         2
 Passwall                 Tmut/Erth      0%         N/A       94%         2
 Swiftness                Air            0%         N/A       99%         3


Dungeon Overview and Level Annotations

Branches:
Dungeon (2/15)

Altars:


Innate Abilities, Weirdness & Mutations

You are immune to poison.
Your flesh is cold resistant. (rC+)
You are immune to negative energy. (rN+++)
You are immune to unholy pain and torment.
You are vulnerable to heat. (rF-)
You are in touch with the powers of death.
You do not drink.
You have a special connection with the divine. (Faith)


Message History

The black bear closely misses you. You block the black bear's attack.
The black bear barely misses you. The black bear claws you.
You slash the black bear!
The black bear is severely wounded.
The black bear barely misses you. The black bear closely misses you.
The black bear barely misses you.
A black bear is nearby!
A black bear is nearby!
You hit the black bear.
The black bear is severely wounded.
The black bear bites you.
The black bear claws you but does no damage.
The black bear barely misses you. The black bear bites you.
You block the black bear's attack. The black bear closely misses you.
You barely miss the black bear.
The black bear is severely wounded.
The black bear bites you. The black bear claws you. x2
You barely miss the black bear.
The black bear is severely wounded.
The black bear bites you but does no damage.
You block the black bear's attack.
The black bear claws you but does no damage.
You barely miss the black bear.
The black bear is severely wounded.
The black bear bites you.
* * * LOW HITPOINT WARNING * * *
The black bear barely misses you. x2; The black bear closely misses you.
The black bear claws you but does no damage.
The black bear completely misses you.
You barely miss the black bear.
The black bear is severely wounded.
The black bear barely misses you. The black bear claws you.
* * * LOW HITPOINT WARNING * * *
The black bear closely misses you.
Unknown command.
You hit the black bear.
The black bear is severely wounded.
A bat comes into view.
The black bear bites you.
You die...

...# ...# #. ...##
########.# ....#
.........# # ....#
.........# .#
...(##.........## #..
................# ..
................##.###.#
.!..............@h.....#
......#######..###b##..#
..†............# #
#.........##...#
#.>........#...#
....).#....#...#
.....##.#.##...#
....<##.#......#
.....##....#.#.#


You could see a black bear and a bat (wandering).

Vanquished Creatures
  A worm (D:2)
  An orc (D:2)
  2 endoplasms (D:1)
  2 giant cockroaches (D:1)
  5 goblins (D:1)
  3 hobgoblins
  2 quokkas
  6 ball pythons
  3 bats
  3 frilled lizards (D:1)
  4 kobolds
  2 rats (D:2)
34 creatures vanquished.

Notes
Turn   | Place    | Note
-------+----------+-------------------------------------------
     0 | D:1      | Inarius the Mummy Fighter began the quest for the Orb.
     0 | D:1      | Reached XP level 1. HP: 18/18 MP: 1/1
    52 | D:1      | Found a faded altar of an unknown god.
   139 | D:1      | Reached XP level 2. HP: 24/24 MP: 2/2
   666 | D:2      | Reached XP level 3. HP: 29/29 MP: 3/3
   883 | D:2      | Noticed a black bear
   892 | D:2      | HP: 1/29 [black bear (3)]
   893 | D:2      | Slain by a black bear

Illustrated notes

Levels and vault maps discovered:
D:1:      spicycebolla_arrival_transporter_tutorial, layout_basic,
          hellmonk_ecumenical_altar_crossroads
D:2:      layout_basic, kennysheep_generic_room_6

Skill      XL: |  1  2 |
---------------+-------+-----
Axes           | 2 |  2.1
Fighting       | |  3.5
Armour         | |  2.8
Stealth        | |  0.1
Shields        | |  2.5

Action                     || total
---------------------------++-------
  Melee: War axe           ||   102
  Throw: Boomerang         ||     3
 Armour: Scale mail        ||    80
  Dodge: Dodged            ||    66
  Block: Buckler           ||    29

Table legend: (Time is in decaauts)
 A = Elapsed time spent in this place.
 B = Non-inter-level travel time spent in this place.
 C = Inter-level travel time spent in this place.
 D = Time resting spent in this place.
 E = Time spent auto-exploring this place.
 F = Levels seen in this place.
 G = Mean time per level.
                   A        B        C        D        E       F      G
               +--------+--------+--------+--------+--------+-----+--------+
         Total |    937 |    917 |     20 |     53 |    617 |   2 |  468.5 |
       Dungeon |    937 |    917 |     20 |     53 |    617 |   2 |  468.5 |
               +--------+--------+--------+--------+--------+-----+--------+

Top non-repeatable levels by time:
     D:1: 639 daAuts
     D:2: 298 daAuts
